%YAML 1.1
%TAG !u! tag:unity3d.com,2011:
--- !u!1 &900014703425975897
GameObject:
  m_ObjectHideFlags: 0
  m_CorrespondingSourceObject: {fileID: 0}
  m_PrefabInstance: {fileID: 0}
  m_PrefabAsset: {fileID: 0}
  serializedVersion: 6
  m_Component:
  - component: {fileID: 3278668161751826709}
  - component: {fileID: 790359274391446315}
  - component: {fileID: 4611633942432136992}
  - component: {fileID: 2977983611117830826}
  m_Layer: 3
  m_Name: Plane
  m_TagString: Untagged
  m_Icon: {fileID: 0}
  m_NavMeshLayer: 0
  m_StaticEditorFlags: 0
  m_IsActive: 1
--- !u!4 &3278668161751826709
Transform:
  m_ObjectHideFlags: 0
  m_CorrespondingSourceObject: {fileID: 0}
  m_PrefabInstance: {fileID: 0}
  m_PrefabAsset: {fileID: 0}
  m_GameObject: {fileID: 900014703425975897}
  m_LocalRotation: {x: 0, y: 0, z: 0, w: 1}
  m_LocalPosition: {x: 0, y: 0, z: 0}
  m_LocalScale: {x: 1, y: 1, z: 1}
  m_Children: []
  m_Father: {fileID: 708575920128798420}
  m_RootOrder: 0
  m_LocalEulerAnglesHint: {x: 0, y: 0, z: 0}
--- !u!33 &790359274391446315
MeshFilter:
  m_ObjectHideFlags: 0
  m_CorrespondingSourceObject: {fileID: 0}
  m_PrefabInstance: {fileID: 0}
  m_PrefabAsset: {fileID: 0}
  m_GameObject: {fileID: 900014703425975897}
  m_Mesh: {fileID: 10209, guid: 0000000000000000e000000000000000, type: 0}
--- !u!23 &4611633942432136992
MeshRenderer:
  m_ObjectHideFlags: 0
  m_CorrespondingSourceObject: {fileID: 0}
  m_PrefabInstance: {fileID: 0}
  m_PrefabAsset: {fileID: 0}
  m_GameObject: {fileID: 900014703425975897}
  m_Enabled: 1
  m_CastShadows: 1
  m_ReceiveShadows: 1
  m_DynamicOccludee: 1
  m_MotionVectors: 1
  m_LightProbeUsage: 1
  m_ReflectionProbeUsage: 1
  m_RayTracingMode: 2
  m_RayTraceProcedural: 0
  m_RenderingLayerMask: 1
  m_RendererPriority: 0
  m_Materials:
  - {fileID: 2100000, guid: bfe26df2615fc8d448b673cde27552a0, type: 2}
  m_StaticBatchInfo:
    firstSubMesh: 0
    subMeshCount: 0
  m_StaticBatchRoot: {fileID: 0}
  m_ProbeAnchor: {fileID: 0}
  m_LightProbeVolumeOverride: {fileID: 0}
  m_ScaleInLightmap: 1
  m_ReceiveGI: 1
  m_PreserveUVs: 0
  m_IgnoreNormalsForChartDetection: 0
  m_ImportantGI: 0
  m_StitchLightmapSeams: 1
  m_SelectedEditorRenderState: 3
  m_MinimumChartSize: 4
  m_AutoUVMaxDistance: 0.5
  m_AutoUVMaxAngle: 89
  m_LightmapParameters: {fileID: 0}
  m_SortingLayerID: 0
  m_SortingLayer: 0
  m_SortingOrder: 0
  m_AdditionalVertexStreams: {fileID: 0}
--- !u!64 &2977983611117830826
MeshCollider:
  m_ObjectHideFlags: 0
  m_CorrespondingSourceObject: {fileID: 0}
  m_PrefabInstance: {fileID: 0}
  m_PrefabAsset: {fileID: 0}
  m_GameObject: {fileID: 900014703425975897}
  m_Material: {fileID: 0}
  m_IsTrigger: 0
  m_Enabled: 1
  serializedVersion: 4
  m_Convex: 0
  m_CookingOptions: 30
  m_Mesh: {fileID: 10209, guid: 0000000000000000e000000000000000, type: 0}
--- !u!1 &2283039448019035165
GameObject:
  m_ObjectHideFlags: 0
  m_CorrespondingSourceObject: {fileID: 0}
  m_PrefabInstance: {fileID: 0}
  m_PrefabAsset: {fileID: 0}
  serializedVersion: 6
  m_Component:
  - component: {fileID: 4833212496402586895}
  m_Layer: 3
  m_Name: Scale
  m_TagString: Untagged
  m_Icon: {fileID: 0}
  m_NavMeshLayer: 0
  m_StaticEditorFlags: 0
  m_IsActive: 1
--- !u!4 &4833212496402586895
Transform:
  m_ObjectHideFlags: 0
  m_CorrespondingSourceObject: {fileID: 0}
  m_PrefabInstance: {fileID: 0}
  m_PrefabAsset: {fileID: 0}
  m_GameObject: {fileID: 2283039448019035165}
  m_LocalRotation: {x: 0, y: 0, z: 0, w: 1}
  m_LocalPosition: {x: 0, y: 0, z: 0}
  m_LocalScale: {x: 0.2, y: 0.2, z: 0.2}
  m_Children:
  - {fileID: 5091655042486978237}
  - {fileID: 8613221419135213121}
  m_Father: {fileID: 5324196948234523152}
  m_RootOrder: 0
  m_LocalEulerAnglesHint: {x: 0, y: 0, z: 0}
--- !u!1 &3175939618217623949
GameObject:
  m_ObjectHideFlags: 0
  m_CorrespondingSourceObject: {fileID: 0}
  m_PrefabInstance: {fileID: 0}
  m_PrefabAsset: {fileID: 0}
  serializedVersion: 6
  m_Component:
  - component: {fileID: 2753130850957768862}
  - component: {fileID: 2487454927113499943}
  - component: {fileID: 3706969446186665642}
  - component: {fileID: 2492831674153337930}
  m_Layer: 3
  m_Name: Cylinder
  m_TagString: Untagged
  m_Icon: {fileID: 0}
  m_NavMeshLayer: 0
  m_StaticEditorFlags: 0
  m_IsActive: 1
--- !u!4 &2753130850957768862
Transform:
  m_ObjectHideFlags: 0
  m_CorrespondingSourceObject: {fileID: 0}
  m_PrefabInstance: {fileID: 0}
  m_PrefabAsset: {fileID: 0}
  m_GameObject: {fileID: 3175939618217623949}
  m_LocalRotation: {x: 0, y: 0, z: 0, w: 1}
  m_LocalPosition: {x: 0, y: 0, z: 0}
  m_LocalScale: {x: 15, y: 1.2, z: 15}
  m_Children: []
  m_Father: {fileID: 4925856039596846232}
  m_RootOrder: 0
  m_LocalEulerAnglesHint: {x: 0, y: 0, z: 0}
--- !u!33 &2487454927113499943
MeshFilter:
  m_ObjectHideFlags: 0
  m_CorrespondingSourceObject: {fileID: 0}
  m_PrefabInstance: {fileID: 0}
  m_PrefabAsset: {fileID: 0}
  m_GameObject: {fileID: 3175939618217623949}
  m_Mesh: {fileID: 10206, guid: 0000000000000000e000000000000000, type: 0}
--- !u!23 &3706969446186665642
MeshRenderer:
  m_ObjectHideFlags: 0
  m_CorrespondingSourceObject: {fileID: 0}
  m_PrefabInstance: {fileID: 0}
  m_PrefabAsset: {fileID: 0}
  m_GameObject: {fileID: 3175939618217623949}
  m_Enabled: 1
  m_CastShadows: 1
  m_ReceiveShadows: 1
  m_DynamicOccludee: 1
  m_MotionVectors: 1
  m_LightProbeUsage: 1
  m_ReflectionProbeUsage: 1
  m_RayTracingMode: 2
  m_RayTraceProcedural: 0
  m_RenderingLayerMask: 1
  m_RendererPriority: 0
  m_Materials:
  - {fileID: 2100000, guid: c0f10f07d699eac42aabd734b67e8387, type: 2}
  m_StaticBatchInfo:
    firstSubMesh: 0
    subMeshCount: 0
  m_StaticBatchRoot: {fileID: 0}
  m_ProbeAnchor: {fileID: 0}
  m_LightProbeVolumeOverride: {fileID: 0}
  m_ScaleInLightmap: 1
  m_ReceiveGI: 1
  m_PreserveUVs: 0
  m_IgnoreNormalsForChartDetection: 0
  m_ImportantGI: 0
  m_StitchLightmapSeams: 1
  m_SelectedEditorRenderState: 3
  m_MinimumChartSize: 4
  m_AutoUVMaxDistance: 0.5
  m_AutoUVMaxAngle: 89
  m_LightmapParameters: {fileID: 0}
  m_SortingLayerID: 0
  m_SortingLayer: 0
  m_SortingOrder: 0
  m_AdditionalVertexStreams: {fileID: 0}
--- !u!136 &2492831674153337930
CapsuleCollider:
  m_ObjectHideFlags: 0
  m_CorrespondingSourceObject: {fileID: 0}
  m_PrefabInstance: {fileID: 0}
  m_PrefabAsset: {fileID: 0}
  m_GameObject: {fileID: 3175939618217623949}
  m_Material: {fileID: 0}
  m_IsTrigger: 0
  m_Enabled: 1
  m_Radius: 0.5000001
  m_Height: 2
  m_Direction: 1
  m_Center: {x: 0.000000059604645, y: 0, z: -0.00000008940697}
--- !u!1 &3475903487473807939
GameObject:
  m_ObjectHideFlags: 0
  m_CorrespondingSourceObject: {fileID: 0}
  m_PrefabInstance: {fileID: 0}
  m_PrefabAsset: {fileID: 0}
  serializedVersion: 6
  m_Component:
  - component: {fileID: 5091655042486978237}
  m_Layer: 3
  m_Name: Default
  m_TagString: Untagged
  m_Icon: {fileID: 0}
  m_NavMeshLayer: 0
  m_StaticEditorFlags: 0
  m_IsActive: 1
--- !u!4 &5091655042486978237
Transform:
  m_ObjectHideFlags: 0
  m_CorrespondingSourceObject: {fileID: 0}
  m_PrefabInstance: {fileID: 0}
  m_PrefabAsset: {fileID: 0}
  m_GameObject: {fileID: 3475903487473807939}
  m_LocalRotation: {x: -0, y: -0, z: -0, w: 1}
  m_LocalPosition: {x: 0, y: 0, z: 0}
  m_LocalScale: {x: 1, y: 1, z: 1}
  m_Children:
  - {fileID: 8257104310654753051}
  - {fileID: 5324196948001483370}
  - {fileID: 2616674449686798863}
  - {fileID: 6681800025104472315}
  - {fileID: 7506052773495211529}
  - {fileID: 4340212784794801102}
  m_Father: {fileID: 4833212496402586895}
  m_RootOrder: 0
  m_LocalEulerAnglesHint: {x: 0, y: 0, z: 0}
--- !u!1 &4219368576944284386
GameObject:
  m_ObjectHideFlags: 0
  m_CorrespondingSourceObject: {fileID: 0}
  m_PrefabInstance: {fileID: 0}
  m_PrefabAsset: {fileID: 0}
  serializedVersion: 6
  m_Component:
  - component: {fileID: 4340212784794801102}
  m_Layer: 0
  m_Name: Attack
  m_TagString: Untagged
  m_Icon: {fileID: 0}
  m_NavMeshLayer: 0
  m_StaticEditorFlags: 0
  m_IsActive: 1
--- !u!4 &4340212784794801102
Transform:
  m_ObjectHideFlags: 0
  m_CorrespondingSourceObject: {fileID: 0}
  m_PrefabInstance: {fileID: 0}
  m_PrefabAsset: {fileID: 0}
  m_GameObject: {fileID: 4219368576944284386}
  m_LocalRotation: {x: -0, y: -0, z: -0, w: 1}
  m_LocalPosition: {x: 0, y: 12.5, z: 0}
  m_LocalScale: {x: 5, y: 5, z: 5}
  m_Children: []
  m_Father: {fileID: 5091655042486978237}
  m_RootOrder: 5
  m_LocalEulerAnglesHint: {x: 0, y: 0, z: 0}
--- !u!1 &5324196948001483381
GameObject:
  m_ObjectHideFlags: 0
  m_CorrespondingSourceObject: {fileID: 0}
  m_PrefabInstance: {fileID: 0}
  m_PrefabAsset: {fileID: 0}
  serializedVersion: 6
  m_Component:
  - component: {fileID: 5324196948001483370}
  - component: {fileID: 1845974850745162385}
  m_Layer: 3
  m_Name: Collision
  m_TagString: Untagged
  m_Icon: {fileID: 0}
  m_NavMeshLayer: 0
  m_StaticEditorFlags: 0
  m_IsActive: 1
--- !u!4 &5324196948001483370
Transform:
  m_ObjectHideFlags: 0
  m_CorrespondingSourceObject: {fileID: 0}
  m_PrefabInstance: {fileID: 0}
  m_PrefabAsset: {fileID: 0}
  m_GameObject: {fileID: 5324196948001483381}
  m_LocalRotation: {x: -0, y: -0, z: -0, w: 1}
  m_LocalPosition: {x: 0, y: 0, z: 0}
  m_LocalScale: {x: 1, y: 1, z: 1}
  m_Children: []
  m_Father: {fileID: 5091655042486978237}
  m_RootOrder: 1
  m_LocalEulerAnglesHint: {x: 0, y: 0, z: 0}
--- !u!65 &1845974850745162385
BoxCollider:
  m_ObjectHideFlags: 0
  m_CorrespondingSourceObject: {fileID: 0}
  m_PrefabInstance: {fileID: 0}
  m_PrefabAsset: {fileID: 0}
  m_GameObject: {fileID: 5324196948001483381}
  m_Material: {fileID: 0}
  m_IsTrigger: 0
  m_Enabled: 1
  serializedVersion: 2
  m_Size: {x: 25, y: 20, z: 25}
  m_Center: {x: 0.12, y: 9, z: -0.47}
--- !u!1 &5324196948234523154
GameObject:
  m_ObjectHideFlags: 0
  m_CorrespondingSourceObject: {fileID: 0}
  m_PrefabInstance: {fileID: 0}
  m_PrefabAsset: {fileID: 0}
  serializedVersion: 6
  m_Component:
  - component: {fileID: 5324196948234523152}
  - component: {fileID: 5324196948234523155}
  - component: {fileID: 7811368083227492681}
  - component: {fileID: 6602716027481487002}
  m_Layer: 3
  m_Name: AcidHero
  m_TagString: Untagged
  m_Icon: {fileID: 0}
  m_NavMeshLayer: 0
  m_StaticEditorFlags: 0
  m_IsActive: 1
--- !u!4 &5324196948234523152
Transform:
  m_ObjectHideFlags: 0
  m_CorrespondingSourceObject: {fileID: 0}
  m_PrefabInstance: {fileID: 0}
  m_PrefabAsset: {fileID: 0}
  m_GameObject: {fileID: 5324196948234523154}
  m_LocalRotation: {x: 0, y: 1, z: 0, w: -0.00000004371139}
  m_LocalPosition: {x: 0, y: 0, z: 0}
  m_LocalScale: {x: 1, y: 1, z: 1}
  m_Children:
  - {fileID: 4833212496402586895}
  - {fileID: 4755405355371343362}
  - {fileID: 708575920128798420}
  m_Father: {fileID: 0}
  m_RootOrder: 0
  m_LocalEulerAnglesHint: {x: 0, y: 0, z: 0}
--- !u!114 &5324196948234523155
MonoBehaviour:
  m_ObjectHideFlags: 0
  m_CorrespondingSourceObject: {fileID: 0}
  m_PrefabInstance: {fileID: 0}
  m_PrefabAsset: {fileID: 0}
  m_GameObject: {fileID: 5324196948234523154}
  m_Enabled: 1
  m_EditorHideFlags: 0
  m_Script: {fileID: 11500000, guid: 5fec1037345958640bf74acab78fc67b, type: 3}
  m_Name: 
  m_EditorClassIdentifier: 
  layerMaskDrag:
    serializedVersion: 2
    m_Bits: 768
  layerMaskDrop:
    serializedVersion: 2
    m_Bits: 512
  speedRotation: 50
  traslateShopY: 5
  traslateDragY: 1
  selectionColorOutline: {r: 1, g: 1, b: 1, a: 1}
  notSelectionColorOutline: {r: 0, g: 0, b: 0, a: 1}
  SelectionFullColorOutline: {r: 1, g: 0, b: 0, a: 0}
  heroObject: {fileID: 7495317835541173184}
  piedistallo: {fileID: 6744684950373693361}
  mesh: {fileID: 539206088383939039}
  select: 0
  isPlace: 0
  Drag: 0
  isPossibleClick: 0
--- !u!210 &7811368083227492681
SortingGroup:
  m_ObjectHideFlags: 0
  m_CorrespondingSourceObject: {fileID: 0}
  m_PrefabInstance: {fileID: 0}
  m_PrefabAsset: {fileID: 0}
  m_GameObject: {fileID: 5324196948234523154}
  m_Enabled: 1
  m_SortingLayerID: -1661046685
  m_SortingLayer: 2
  m_SortingOrder: 0
--- !u!114 &6602716027481487002
MonoBehaviour:
  m_ObjectHideFlags: 0
  m_CorrespondingSourceObject: {fileID: 0}
  m_PrefabInstance: {fileID: 0}
  m_PrefabAsset: {fileID: 0}
  m_GameObject: {fileID: 5324196948234523154}
  m_Enabled: 1
  m_EditorHideFlags: 0
  m_Script: {fileID: 11500000, guid: 5cd733d9ac6ec3a4f88a1ffcbec3044e, type: 3}
  m_Name: 
  m_EditorClassIdentifier: 
  TypeControl: 0
  mode: 0
  stateHero: 0
  isGame: 0
  tileGridCurrent: {fileID: 0}
  tileGridStartPosition: {fileID: 0}
  info:
    rarity: 0
    healtMax: 1000
    healtCurrent: 1000
    superCurrent: 0
    infoHero: {fileID: 11400000, guid: 7e572d31d0a633f46975beeb66e66001, type: 2}
    level: 0
    movimentSpeed: 3
  target: {fileID: 0}
  attack: {fileID: 0}
  condition: {fileID: 0}
  move:
    hero: {fileID: 0}
    moving: 0
    destination: {fileID: 0}
  selection: {fileID: 0}
  death:
    deathEvent:
      m_PersistentCalls:
        m_Calls: []
  ui: {fileID: 0}
  DefaultHero: {fileID: 3475903487473807939}
  NotSelectionHero: {fileID: 5936194296538493329}
  GridSelectedHero: {fileID: 8988787988397268071}
  particleChangePose: {fileID: 2616674449686798897}
  particleHit: {fileID: 6681800025122823611}
  attackTransform: {fileID: 4340212784794801102}
  refSquad: {fileID: 0}
--- !u!1 &5936194296538493329
GameObject:
  m_ObjectHideFlags: 0
  m_CorrespondingSourceObject: {fileID: 0}
  m_PrefabInstance: {fileID: 0}
  m_PrefabAsset: {fileID: 0}
  serializedVersion: 6
  m_Component:
  - component: {fileID: 8613221419135213121}
  m_Layer: 3
  m_Name: NotSelect
  m_TagString: Untagged
  m_Icon: {fileID: 0}
  m_NavMeshLayer: 0
  m_StaticEditorFlags: 0
  m_IsActive: 1
--- !u!4 &8613221419135213121
Transform:
  m_ObjectHideFlags: 0
  m_CorrespondingSourceObject: {fileID: 0}
  m_PrefabInstance: {fileID: 0}
  m_PrefabAsset: {fileID: 0}
  m_GameObject: {fileID: 5936194296538493329}
  m_LocalRotation: {x: -0, y: -0, z: -0, w: 1}
  m_LocalPosition: {x: 0, y: 0, z: 0}
  m_LocalScale: {x: 1, y: 1, z: 1}
  m_Children:
  - {fileID: 7880272763578340328}
  - {fileID: 6138641256023001754}
  m_Father: {fileID: 4833212496402586895}
  m_RootOrder: 1
  m_LocalEulerAnglesHint: {x: 0, y: 0, z: 0}
--- !u!1 &6744684950373693361
GameObject:
  m_ObjectHideFlags: 0
  m_CorrespondingSourceObject: {fileID: 0}
  m_PrefabInstance: {fileID: 0}
  m_PrefabAsset: {fileID: 0}
  serializedVersion: 6
  m_Component:
  - component: {fileID: 4925856039596846232}
  m_Layer: 3
  m_Name: Pedana
  m_TagString: Untagged
  m_Icon: {fileID: 0}
  m_NavMeshLayer: 0
  m_StaticEditorFlags: 0
  m_IsActive: 1
--- !u!4 &4925856039596846232
Transform:
  m_ObjectHideFlags: 0
  m_CorrespondingSourceObject: {fileID: 0}
  m_PrefabInstance: {fileID: 0}
  m_PrefabAsset: {fileID: 0}
  m_GameObject: {fileID: 6744684950373693361}
  m_LocalRotation: {x: -0, y: -0, z: -0, w: 1}
  m_LocalPosition: {x: 0, y: -0.9, z: 0}
  m_LocalScale: {x: 1, y: 1, z: 1}
  m_Children:
  - {fileID: 2753130850957768862}
  m_Father: {fileID: 6403552335571879829}
  m_RootOrder: 2
  m_LocalEulerAnglesHint: {x: 0, y: 0, z: 0}
--- !u!1 &7495317835541173184
GameObject:
  m_ObjectHideFlags: 0
  m_CorrespondingSourceObject: {fileID: 0}
  m_PrefabInstance: {fileID: 0}
  m_PrefabAsset: {fileID: 0}
  serializedVersion: 6
  m_Component:
  - component: {fileID: 8257104310654753051}
  m_Layer: 3
  m_Name: MonsterSkin
  m_TagString: Untagged
  m_Icon: {fileID: 0}
  m_NavMeshLayer: 0
  m_StaticEditorFlags: 0
  m_IsActive: 1
--- !u!4 &8257104310654753051
Transform:
  m_ObjectHideFlags: 0
  m_CorrespondingSourceObject: {fileID: 0}
  m_PrefabInstance: {fileID: 0}
  m_PrefabAsset: {fileID: 0}
  m_GameObject: {fileID: 7495317835541173184}
  m_LocalRotation: {x: 0, y: 0, z: 0, w: 1}
  m_LocalPosition: {x: 0, y: 0, z: 0}
  m_LocalScale: {x: 1, y: 1, z: 1}
  m_Children:
  - {fileID: 6403552335571879829}
  m_Father: {fileID: 5091655042486978237}
  m_RootOrder: 0
  m_LocalEulerAnglesHint: {x: 0, y: 0, z: 0}
--- !u!1 &8988787988397268071
GameObject:
  m_ObjectHideFlags: 0
  m_CorrespondingSourceObject: {fileID: 0}
  m_PrefabInstance: {fileID: 0}
  m_PrefabAsset: {fileID: 0}
  serializedVersion: 6
  m_Component:
  - component: {fileID: 708575920128798420}
  m_Layer: 3
  m_Name: Grid
  m_TagString: Untagged
  m_Icon: {fileID: 0}
  m_NavMeshLayer: 0
  m_StaticEditorFlags: 0
  m_IsActive: 1
--- !u!4 &708575920128798420
Transform:
  m_ObjectHideFlags: 0
  m_CorrespondingSourceObject: {fileID: 0}
  m_PrefabInstance: {fileID: 0}
  m_PrefabAsset: {fileID: 0}
  m_GameObject: {fileID: 8988787988397268071}
  m_LocalRotation: {x: 0, y: -0, z: -0, w: 1}
  m_LocalPosition: {x: 0, y: -0.3, z: 0}
  m_LocalScale: {x: 1, y: 1, z: 1}
  m_Children:
  - {fileID: 3278668161751826709}
  m_Father: {fileID: 5324196948234523152}
  m_RootOrder: 2
  m_LocalEulerAnglesHint: {x: 0, y: 0, z: 0}
--- !u!1001 &838952743516871407
PrefabInstance:
  m_ObjectHideFlags: 0
  serializedVersion: 2
  m_Modification:
    m_TransformParent: {fileID: 5324196948234523152}
    m_Modifications:
    - target: {fileID: 412869981145773106, guid: ba8f82b23e7a79e42adcd7c20ee88399, type: 3}
      propertyPath: m_AnchorMax.x
      value: 0
      objectReference: {fileID: 0}
    - target: {fileID: 412869981145773106, guid: ba8f82b23e7a79e42adcd7c20ee88399, type: 3}
      propertyPath: m_AnchorMax.y
      value: 0
      objectReference: {fileID: 0}
    - target: {fileID: 965357512825463773, guid: ba8f82b23e7a79e42adcd7c20ee88399, type: 3}
      propertyPath: m_AnchorMax.y
      value: 0
      objectReference: {fileID: 0}
    - target: {fileID: 965357512825463773, guid: ba8f82b23e7a79e42adcd7c20ee88399, type: 3}
      propertyPath: m_AnchorMin.y
      value: 0
      objectReference: {fileID: 0}
    - target: {fileID: 965357512825463773, guid: ba8f82b23e7a79e42adcd7c20ee88399, type: 3}
      propertyPath: m_SizeDelta.x
      value: 0
      objectReference: {fileID: 0}
    - target: {fileID: 965357512825463773, guid: ba8f82b23e7a79e42adcd7c20ee88399, type: 3}
      propertyPath: m_SizeDelta.y
      value: 0
      objectReference: {fileID: 0}
    - target: {fileID: 965357512825463773, guid: ba8f82b23e7a79e42adcd7c20ee88399, type: 3}
      propertyPath: m_AnchoredPosition.x
      value: 0
      objectReference: {fileID: 0}
    - target: {fileID: 965357512825463773, guid: ba8f82b23e7a79e42adcd7c20ee88399, type: 3}
      propertyPath: m_AnchoredPosition.y
      value: 0
      objectReference: {fileID: 0}
    - target: {fileID: 1947099677505273222, guid: ba8f82b23e7a79e42adcd7c20ee88399, type: 3}
      propertyPath: m_PresetInfoIsWorld
      value: 1
      objectReference: {fileID: 0}
    - target: {fileID: 2231409008242675630, guid: ba8f82b23e7a79e42adcd7c20ee88399, type: 3}
      propertyPath: m_Name
      value: UIHeroBattle
      objectReference: {fileID: 0}
    - target: {fileID: 2231409008242675630, guid: ba8f82b23e7a79e42adcd7c20ee88399, type: 3}
      propertyPath: m_IsActive
      value: 1
      objectReference: {fileID: 0}
    - target: {fileID: 2548563811365034291, guid: ba8f82b23e7a79e42adcd7c20ee88399, type: 3}
      propertyPath: m_AnchorMax.y
      value: 0
      objectReference: {fileID: 0}
    - target: {fileID: 2548563811365034291, guid: ba8f82b23e7a79e42adcd7c20ee88399, type: 3}
      propertyPath: m_AnchorMin.y
      value: 0
      objectReference: {fileID: 0}
    - target: {fileID: 2548563811365034291, guid: ba8f82b23e7a79e42adcd7c20ee88399, type: 3}
      propertyPath: m_SizeDelta.x
      value: 0
      objectReference: {fileID: 0}
    - target: {fileID: 2548563811365034291, guid: ba8f82b23e7a79e42adcd7c20ee88399, type: 3}
      propertyPath: m_SizeDelta.y
      value: 0
      objectReference: {fileID: 0}
    - target: {fileID: 2548563811365034291, guid: ba8f82b23e7a79e42adcd7c20ee88399, type: 3}
      propertyPath: m_AnchoredPosition.x
      value: 0
      objectReference: {fileID: 0}
    - target: {fileID: 2548563811365034291, guid: ba8f82b23e7a79e42adcd7c20ee88399, type: 3}
      propertyPath: m_AnchoredPosition.y
      value: 0
      objectReference: {fileID: 0}
    - target: {fileID: 3221251287063577763, guid: ba8f82b23e7a79e42adcd7c20ee88399, type: 3}
      propertyPath: m_AnchorMax.y
      value: 0
      objectReference: {fileID: 0}
    - target: {fileID: 3221251287063577763, guid: ba8f82b23e7a79e42adcd7c20ee88399, type: 3}
      propertyPath: m_AnchorMin.y
      value: 0
      objectReference: {fileID: 0}
    - target: {fileID: 3221251287063577763, guid: ba8f82b23e7a79e42adcd7c20ee88399, type: 3}
      propertyPath: m_SizeDelta.x
      value: 0
      objectReference: {fileID: 0}
    - target: {fileID: 3221251287063577763, guid: ba8f82b23e7a79e42adcd7c20ee88399, type: 3}
      propertyPath: m_SizeDelta.y
      value: 0
      objectReference: {fileID: 0}
    - target: {fileID: 3221251287063577763, guid: ba8f82b23e7a79e42adcd7c20ee88399, type: 3}
      propertyPath: m_AnchoredPosition.x
      value: 0
      objectReference: {fileID: 0}
    - target: {fileID: 3221251287063577763, guid: ba8f82b23e7a79e42adcd7c20ee88399, type: 3}
      propertyPath: m_AnchoredPosition.y
      value: 0
      objectReference: {fileID: 0}
    - target: {fileID: 3363137814038260121, guid: ba8f82b23e7a79e42adcd7c20ee88399, type: 3}
      propertyPath: m_AnchorMax.y
      value: 0
      objectReference: {fileID: 0}
    - target: {fileID: 3363137814038260121, guid: ba8f82b23e7a79e42adcd7c20ee88399, type: 3}
      propertyPath: m_AnchorMin.y
      value: 0
      objectReference: {fileID: 0}
    - target: {fileID: 3363137814038260121, guid: ba8f82b23e7a79e42adcd7c20ee88399, type: 3}
      propertyPath: m_SizeDelta.x
      value: 0
      objectReference: {fileID: 0}
    - target: {fileID: 3363137814038260121, guid: ba8f82b23e7a79e42adcd7c20ee88399, type: 3}
      propertyPath: m_SizeDelta.y
      value: 0
      objectReference: {fileID: 0}
    - target: {fileID: 3363137814038260121, guid: ba8f82b23e7a79e42adcd7c20ee88399, type: 3}
      propertyPath: m_AnchoredPosition.x
      value: 0
      objectReference: {fileID: 0}
    - target: {fileID: 3363137814038260121, guid: ba8f82b23e7a79e42adcd7c20ee88399, type: 3}
      propertyPath: m_AnchoredPosition.y
      value: 0
      objectReference: {fileID: 0}
    - target: {fileID: 3543336346977886476, guid: ba8f82b23e7a79e42adcd7c20ee88399, type: 3}
      propertyPath: m_AnchorMax.x
      value: 0
      objectReference: {fileID: 0}
    - target: {fileID: 3543336346977886476, guid: ba8f82b23e7a79e42adcd7c20ee88399, type: 3}
      propertyPath: m_AnchorMax.y
      value: 0
      objectReference: {fileID: 0}
    - target: {fileID: 4184077135291363186, guid: ba8f82b23e7a79e42adcd7c20ee88399, type: 3}
      propertyPath: hero
      value: 
      objectReference: {fileID: 6602716027481487002}
    - target: {fileID: 4436613355852596042, guid: ba8f82b23e7a79e42adcd7c20ee88399, type: 3}
      propertyPath: m_AnchorMax.y
      value: 0
      objectReference: {fileID: 0}
    - target: {fileID: 4436613355852596042, guid: ba8f82b23e7a79e42adcd7c20ee88399, type: 3}
      propertyPath: m_AnchorMin.y
      value: 0
      objectReference: {fileID: 0}
    - target: {fileID: 4436613355852596042, guid: ba8f82b23e7a79e42adcd7c20ee88399, type: 3}
      propertyPath: m_SizeDelta.x
      value: 0
      objectReference: {fileID: 0}
    - target: {fileID: 4436613355852596042, guid: ba8f82b23e7a79e42adcd7c20ee88399, type: 3}
      propertyPath: m_SizeDelta.y
      value: 0
      objectReference: {fileID: 0}
    - target: {fileID: 4436613355852596042, guid: ba8f82b23e7a79e42adcd7c20ee88399, type: 3}
      propertyPath: m_AnchoredPosition.x
      value: 0
      objectReference: {fileID: 0}
    - target: {fileID: 4436613355852596042, guid: ba8f82b23e7a79e42adcd7c20ee88399, type: 3}
      propertyPath: m_AnchoredPosition.y
      value: 0
      objectReference: {fileID: 0}
    - target: {fileID: 4549284842858480056, guid: ba8f82b23e7a79e42adcd7c20ee88399, type: 3}
      propertyPath: m_AnchorMax.x
      value: 0
      objectReference: {fileID: 0}
    - target: {fileID: 4549284842858480056, guid: ba8f82b23e7a79e42adcd7c20ee88399, type: 3}
      propertyPath: m_AnchorMax.y
      value: 0
      objectReference: {fileID: 0}
    - target: {fileID: 5357622104261899501, guid: ba8f82b23e7a79e42adcd7c20ee88399, type: 3}
      propertyPath: m_Pivot.x
      value: 0.5
      objectReference: {fileID: 0}
    - target: {fileID: 5357622104261899501, guid: ba8f82b23e7a79e42adcd7c20ee88399, type: 3}
      propertyPath: m_Pivot.y
      value: 0.5
      objectReference: {fileID: 0}
    - target: {fileID: 5357622104261899501, guid: ba8f82b23e7a79e42adcd7c20ee88399, type: 3}
      propertyPath: m_RootOrder
      value: 1
      objectReference: {fileID: 0}
    - target: {fileID: 5357622104261899501, guid: ba8f82b23e7a79e42adcd7c20ee88399, type: 3}
      propertyPath: m_AnchorMax.x
      value: 0
      objectReference: {fileID: 0}
    - target: {fileID: 5357622104261899501, guid: ba8f82b23e7a79e42adcd7c20ee88399, type: 3}
      propertyPath: m_AnchorMax.y
      value: 0
      objectReference: {fileID: 0}
    - target: {fileID: 5357622104261899501, guid: ba8f82b23e7a79e42adcd7c20ee88399, type: 3}
      propertyPath: m_AnchorMin.x
      value: 0
      objectReference: {fileID: 0}
    - target: {fileID: 5357622104261899501, guid: ba8f82b23e7a79e42adcd7c20ee88399, type: 3}
      propertyPath: m_AnchorMin.y
      value: 0
      objectReference: {fileID: 0}
    - target: {fileID: 5357622104261899501, guid: ba8f82b23e7a79e42adcd7c20ee88399, type: 3}
      propertyPath: m_SizeDelta.x
      value: 0
      objectReference: {fileID: 0}
    - target: {fileID: 5357622104261899501, guid: ba8f82b23e7a79e42adcd7c20ee88399, type: 3}
      propertyPath: m_SizeDelta.y
      value: 0
      objectReference: {fileID: 0}
    - target: {fileID: 5357622104261899501, guid: ba8f82b23e7a79e42adcd7c20ee88399, type: 3}
      propertyPath: m_LocalScale.x
      value: 1
      objectReference: {fileID: 0}
    - target: {fileID: 5357622104261899501, guid: ba8f82b23e7a79e42adcd7c20ee88399, type: 3}
      propertyPath: m_LocalScale.y
      value: 1
      objectReference: {fileID: 0}
    - target: {fileID: 5357622104261899501, guid: ba8f82b23e7a79e42adcd7c20ee88399, type: 3}
      propertyPath: m_LocalScale.z
      value: 1
      objectReference: {fileID: 0}
    - target: {fileID: 5357622104261899501, guid: ba8f82b23e7a79e42adcd7c20ee88399, type: 3}
      propertyPath: m_LocalPosition.x
      value: 0
      objectReference: {fileID: 0}
    - target: {fileID: 5357622104261899501, guid: ba8f82b23e7a79e42adcd7c20ee88399, type: 3}
      propertyPath: m_LocalPosition.y
      value: 0
      objectReference: {fileID: 0}
    - target: {fileID: 5357622104261899501, guid: ba8f82b23e7a79e42adcd7c20ee88399, type: 3}
      propertyPath: m_LocalPosition.z
      value: 0
      objectReference: {fileID: 0}
    - target: {fileID: 5357622104261899501, guid: ba8f82b23e7a79e42adcd7c20ee88399, type: 3}
      propertyPath: m_LocalRotation.w
      value: 1
      objectReference: {fileID: 0}
    - target: {fileID: 5357622104261899501, guid: ba8f82b23e7a79e42adcd7c20ee88399, type: 3}
      propertyPath: m_LocalRotation.x
      value: 0
      objectReference: {fileID: 0}
    - target: {fileID: 5357622104261899501, guid: ba8f82b23e7a79e42adcd7c20ee88399, type: 3}
      propertyPath: m_LocalRotation.y
      value: -0
      objectReference: {fileID: 0}
    - target: {fileID: 5357622104261899501, guid: ba8f82b23e7a79e42adcd7c20ee88399, type: 3}
      propertyPath: m_LocalRotation.z
      value: -0
      objectReference: {fileID: 0}
    - target: {fileID: 5357622104261899501, guid: ba8f82b23e7a79e42adcd7c20ee88399, type: 3}
      propertyPath: m_AnchoredPosition.x
      value: 0
      objectReference: {fileID: 0}
    - target: {fileID: 5357622104261899501, guid: ba8f82b23e7a79e42adcd7c20ee88399, type: 3}
      propertyPath: m_AnchoredPosition.y
      value: 6.2
      objectReference: {fileID: 0}
    - target: {fileID: 5357622104261899501, guid: ba8f82b23e7a79e42adcd7c20ee88399, type: 3}
      propertyPath: m_LocalEulerAnglesHint.x
      value: 0
      objectReference: {fileID: 0}
    - target: {fileID: 5357622104261899501, guid: ba8f82b23e7a79e42adcd7c20ee88399, type: 3}
      propertyPath: m_LocalEulerAnglesHint.y
      value: 0
      objectReference: {fileID: 0}
    - target: {fileID: 5357622104261899501, guid: ba8f82b23e7a79e42adcd7c20ee88399, type: 3}
      propertyPath: m_LocalEulerAnglesHint.z
      value: 0
      objectReference: {fileID: 0}
    - target: {fileID: 5485810142298799760, guid: ba8f82b23e7a79e42adcd7c20ee88399, type: 3}
      propertyPath: m_IsActive
      value: 1
      objectReference: {fileID: 0}
    - target: {fileID: 8001089978564979907, guid: ba8f82b23e7a79e42adcd7c20ee88399, type: 3}
      propertyPath: m_IsActive
      value: 1
      objectReference: {fileID: 0}
    - target: {fileID: 8782157181617538504, guid: ba8f82b23e7a79e42adcd7c20ee88399, type: 3}
      propertyPath: m_AnchorMax.y
      value: 0
      objectReference: {fileID: 0}
    - target: {fileID: 8782157181617538504, guid: ba8f82b23e7a79e42adcd7c20ee88399, type: 3}
      propertyPath: m_AnchorMin.y
      value: 0
      objectReference: {fileID: 0}
    - target: {fileID: 8782157181617538504, guid: ba8f82b23e7a79e42adcd7c20ee88399, type: 3}
      propertyPath: m_SizeDelta.x
      value: 0
      objectReference: {fileID: 0}
    - target: {fileID: 8782157181617538504, guid: ba8f82b23e7a79e42adcd7c20ee88399, type: 3}
      propertyPath: m_SizeDelta.y
      value: 0
      objectReference: {fileID: 0}
    - target: {fileID: 8782157181617538504, guid: ba8f82b23e7a79e42adcd7c20ee88399, type: 3}
      propertyPath: m_AnchoredPosition.x
      value: 0
      objectReference: {fileID: 0}
    - target: {fileID: 8782157181617538504, guid: ba8f82b23e7a79e42adcd7c20ee88399, type: 3}
      propertyPath: m_AnchoredPosition.y
      value: 0
      objectReference: {fileID: 0}
    - target: {fileID: 9169565146088730407, guid: ba8f82b23e7a79e42adcd7c20ee88399, type: 3}
      propertyPath: m_AnchorMax.y
      value: 0
      objectReference: {fileID: 0}
    - target: {fileID: 9169565146088730407, guid: ba8f82b23e7a79e42adcd7c20ee88399, type: 3}
      propertyPath: m_AnchorMin.y
      value: 0
      objectReference: {fileID: 0}
    - target: {fileID: 9169565146088730407, guid: ba8f82b23e7a79e42adcd7c20ee88399, type: 3}
      propertyPath: m_SizeDelta.x
      value: 0
      objectReference: {fileID: 0}
    - target: {fileID: 9169565146088730407, guid: ba8f82b23e7a79e42adcd7c20ee88399, type: 3}
      propertyPath: m_SizeDelta.y
      value: 0
      objectReference: {fileID: 0}
    - target: {fileID: 9169565146088730407, guid: ba8f82b23e7a79e42adcd7c20ee88399, type: 3}
      propertyPath: m_AnchoredPosition.x
      value: 0
      objectReference: {fileID: 0}
    - target: {fileID: 9169565146088730407, guid: ba8f82b23e7a79e42adcd7c20ee88399, type: 3}
      propertyPath: m_AnchoredPosition.y
      value: 0
      objectReference: {fileID: 0}
    m_RemovedComponents: []
  m_SourcePrefab: {fileID: 100100000, guid: ba8f82b23e7a79e42adcd7c20ee88399, type: 3}
--- !u!224 &4755405355371343362 stripped
RectTransform:
  m_CorrespondingSourceObject: {fileID: 5357622104261899501, guid: ba8f82b23e7a79e42adcd7c20ee88399, type: 3}
  m_PrefabInstance: {fileID: 838952743516871407}
  m_PrefabAsset: {fileID: 0}
--- !u!1001 &1337897222167127048
PrefabInstance:
  m_ObjectHideFlags: 0
  serializedVersion: 2
  m_Modification:
    m_TransformParent: {fileID: 5091655042486978237}
    m_Modifications:
    - target: {fileID: 392693057224390090, guid: 05d447becfbfc6f4c8809d2010061676, type: 3}
      propertyPath: m_Name
      value: Condition
      objectReference: {fileID: 0}
    - target: {fileID: 392693057224390090, guid: 05d447becfbfc6f4c8809d2010061676, type: 3}
      propertyPath: m_IsActive
      value: 1
      objectReference: {fileID: 0}
    - target: {fileID: 8843927644618908161, guid: 05d447becfbfc6f4c8809d2010061676, type: 3}
      propertyPath: m_RootOrder
      value: 4
      objectReference: {fileID: 0}
    - target: {fileID: 8843927644618908161, guid: 05d447becfbfc6f4c8809d2010061676, type: 3}
      propertyPath: m_LocalScale.x
      value: 5
      objectReference: {fileID: 0}
    - target: {fileID: 8843927644618908161, guid: 05d447becfbfc6f4c8809d2010061676, type: 3}
      propertyPath: m_LocalScale.y
      value: 5
      objectReference: {fileID: 0}
    - target: {fileID: 8843927644618908161, guid: 05d447becfbfc6f4c8809d2010061676, type: 3}
      propertyPath: m_LocalScale.z
      value: 5
      objectReference: {fileID: 0}
    - target: {fileID: 8843927644618908161, guid: 05d447becfbfc6f4c8809d2010061676, type: 3}
      propertyPath: m_LocalPosition.x
      value: 0
      objectReference: {fileID: 0}
    - target: {fileID: 8843927644618908161, guid: 05d447becfbfc6f4c8809d2010061676, type: 3}
      propertyPath: m_LocalPosition.y
      value: 0
      objectReference: {fileID: 0}
    - target: {fileID: 8843927644618908161, guid: 05d447becfbfc6f4c8809d2010061676, type: 3}
      propertyPath: m_LocalPosition.z
      value: 0
      objectReference: {fileID: 0}
    - target: {fileID: 8843927644618908161, guid: 05d447becfbfc6f4c8809d2010061676, type: 3}
      propertyPath: m_LocalRotation.w
      value: 1
      objectReference: {fileID: 0}
    - target: {fileID: 8843927644618908161, guid: 05d447becfbfc6f4c8809d2010061676, type: 3}
      propertyPath: m_LocalRotation.x
      value: -0
      objectReference: {fileID: 0}
    - target: {fileID: 8843927644618908161, guid: 05d447becfbfc6f4c8809d2010061676, type: 3}
      propertyPath: m_LocalRotation.y
      value: -0
      objectReference: {fileID: 0}
    - target: {fileID: 8843927644618908161, guid: 05d447becfbfc6f4c8809d2010061676, type: 3}
      propertyPath: m_LocalRotation.z
      value: -0
      objectReference: {fileID: 0}
    - target: {fileID: 8843927644618908161, guid: 05d447becfbfc6f4c8809d2010061676, type: 3}
      propertyPath: m_LocalEulerAnglesHint.x
      value: 0
      objectReference: {fileID: 0}
    - target: {fileID: 8843927644618908161, guid: 05d447becfbfc6f4c8809d2010061676, type: 3}
      propertyPath: m_LocalEulerAnglesHint.y
      value: 0
      objectReference: {fileID: 0}
    - target: {fileID: 8843927644618908161, guid: 05d447becfbfc6f4c8809d2010061676, type: 3}
      propertyPath: m_LocalEulerAnglesHint.z
      value: 0
      objectReference: {fileID: 0}
    m_RemovedComponents: []
  m_SourcePrefab: {fileID: 100100000, guid: 05d447becfbfc6f4c8809d2010061676, type: 3}
--- !u!4 &7506052773495211529 stripped
Transform:
  m_CorrespondingSourceObject: {fileID: 8843927644618908161, guid: 05d447becfbfc6f4c8809d2010061676, type: 3}
  m_PrefabInstance: {fileID: 1337897222167127048}
  m_PrefabAsset: {fileID: 0}
--- !u!1001 &2712912399584932717
PrefabInstance:
  m_ObjectHideFlags: 0
  serializedVersion: 2
  m_Modification:
    m_TransformParent: {fileID: 5091655042486978237}
    m_Modifications:
    - target: {fileID: 141433446842962268, guid: 9fe8f8b3288e45a44af36ff8aa04486e, type: 3}
      propertyPath: playOnAwake
      value: 1
      objectReference: {fileID: 0}
    - target: {fileID: 141433446842962268, guid: 9fe8f8b3288e45a44af36ff8aa04486e, type: 3}
      propertyPath: InitialModule.startSize.scalar
      value: 2.5
      objectReference: {fileID: 0}
    - target: {fileID: 141433446842962268, guid: 9fe8f8b3288e45a44af36ff8aa04486e, type: 3}
      propertyPath: InitialModule.startSpeed.scalar
      value: 25
      objectReference: {fileID: 0}
    - target: {fileID: 141433446842962268, guid: 9fe8f8b3288e45a44af36ff8aa04486e, type: 3}
      propertyPath: InitialModule.startSize.minScalar
      value: 1
      objectReference: {fileID: 0}
    - target: {fileID: 141433446842962269, guid: 9fe8f8b3288e45a44af36ff8aa04486e, type: 3}
      propertyPath: m_Name
      value: CFXR3 Hit Misc F Smoke
      objectReference: {fileID: 0}
    - target: {fileID: 141433446842962269, guid: 9fe8f8b3288e45a44af36ff8aa04486e, type: 3}
      propertyPath: m_IsActive
      value: 1
      objectReference: {fileID: 0}
    - target: {fileID: 141433446842962273, guid: 9fe8f8b3288e45a44af36ff8aa04486e, type: 3}
      propertyPath: clearBehavior
      value: 0
      objectReference: {fileID: 0}
    - target: {fileID: 141433446842962273, guid: 9fe8f8b3288e45a44af36ff8aa04486e, type: 3}
      propertyPath: cameraShake.enabled
      value: 0
      objectReference: {fileID: 0}
    - target: {fileID: 141433446842962274, guid: 9fe8f8b3288e45a44af36ff8aa04486e, type: 3}
      propertyPath: m_RootOrder
      value: 2
      objectReference: {fileID: 0}
    - target: {fileID: 141433446842962274, guid: 9fe8f8b3288e45a44af36ff8aa04486e, type: 3}
      propertyPath: m_LocalScale.x
      value: 5
      objectReference: {fileID: 0}
    - target: {fileID: 141433446842962274, guid: 9fe8f8b3288e45a44af36ff8aa04486e, type: 3}
      propertyPath: m_LocalScale.y
      value: 5
      objectReference: {fileID: 0}
    - target: {fileID: 141433446842962274, guid: 9fe8f8b3288e45a44af36ff8aa04486e, type: 3}
      propertyPath: m_LocalScale.z
      value: 5
      objectReference: {fileID: 0}
    - target: {fileID: 141433446842962274, guid: 9fe8f8b3288e45a44af36ff8aa04486e, type: 3}
      propertyPath: m_LocalPosition.x
      value: 0
      objectReference: {fileID: 0}
    - target: {fileID: 141433446842962274, guid: 9fe8f8b3288e45a44af36ff8aa04486e, type: 3}
      propertyPath: m_LocalPosition.y
      value: 0
      objectReference: {fileID: 0}
    - target: {fileID: 141433446842962274, guid: 9fe8f8b3288e45a44af36ff8aa04486e, type: 3}
      propertyPath: m_LocalPosition.z
      value: 0
      objectReference: {fileID: 0}
    - target: {fileID: 141433446842962274, guid: 9fe8f8b3288e45a44af36ff8aa04486e, type: 3}
      propertyPath: m_LocalRotation.w
      value: 1
      objectReference: {fileID: 0}
    - target: {fileID: 141433446842962274, guid: 9fe8f8b3288e45a44af36ff8aa04486e, type: 3}
      propertyPath: m_LocalRotation.x
      value: -0
      objectReference: {fileID: 0}
    - target: {fileID: 141433446842962274, guid: 9fe8f8b3288e45a44af36ff8aa04486e, type: 3}
      propertyPath: m_LocalRotation.y
      value: -0
      objectReference: {fileID: 0}
    - target: {fileID: 141433446842962274, guid: 9fe8f8b3288e45a44af36ff8aa04486e, type: 3}
      propertyPath: m_LocalRotation.z
      value: -0
      objectReference: {fileID: 0}
    - target: {fileID: 141433446842962274, guid: 9fe8f8b3288e45a44af36ff8aa04486e, type: 3}
      propertyPath: m_LocalEulerAnglesHint.x
      value: 0
      objectReference: {fileID: 0}
    - target: {fileID: 141433446842962274, guid: 9fe8f8b3288e45a44af36ff8aa04486e, type: 3}
      propertyPath: m_LocalEulerAnglesHint.y
      value: 0
      objectReference: {fileID: 0}
    - target: {fileID: 141433446842962274, guid: 9fe8f8b3288e45a44af36ff8aa04486e, type: 3}
      propertyPath: m_LocalEulerAnglesHint.z
      value: 0
      objectReference: {fileID: 0}
    - target: {fileID: 1680310405344571094, guid: 9fe8f8b3288e45a44af36ff8aa04486e, type: 3}
      propertyPath: m_Materials.Array.size
      value: 1
      objectReference: {fileID: 0}
    - target: {fileID: 4150377232657049695, guid: 9fe8f8b3288e45a44af36ff8aa04486e, type: 3}
      propertyPath: playOnAwake
      value: 1
      objectReference: {fileID: 0}
    m_RemovedComponents: []
  m_SourcePrefab: {fileID: 100100000, guid: 9fe8f8b3288e45a44af36ff8aa04486e, type: 3}
--- !u!198 &2616674449686798897 stripped
ParticleSystem:
  m_CorrespondingSourceObject: {fileID: 141433446842962268, guid: 9fe8f8b3288e45a44af36ff8aa04486e, type: 3}
  m_PrefabInstance: {fileID: 2712912399584932717}
  m_PrefabAsset: {fileID: 0}
--- !u!4 &2616674449686798863 stripped
Transform:
  m_CorrespondingSourceObject: {fileID: 141433446842962274, guid: 9fe8f8b3288e45a44af36ff8aa04486e, type: 3}
  m_PrefabInstance: {fileID: 2712912399584932717}
  m_PrefabAsset: {fileID: 0}
--- !u!1001 &5961196696086146417
PrefabInstance:
  m_ObjectHideFlags: 0
  serializedVersion: 2
  m_Modification:
    m_TransformParent: {fileID: 8613221419135213121}
    m_Modifications:
    - target: {fileID: -8998568461872471820, guid: 62ae72aa8dd6ca543bb0dc9beed4e65c, type: 3}
      propertyPath: m_Layer
      value: 3
      objectReference: {fileID: 0}
    - target: {fileID: -8679921383154817045, guid: 62ae72aa8dd6ca543bb0dc9beed4e65c, type: 3}
      propertyPath: m_RootOrder
      value: 1
      objectReference: {fileID: 0}
    - target: {fileID: -8679921383154817045, guid: 62ae72aa8dd6ca543bb0dc9beed4e65c, type: 3}
      propertyPath: m_LocalPosition.x
      value: 0
      objectReference: {fileID: 0}
    - target: {fileID: -8679921383154817045, guid: 62ae72aa8dd6ca543bb0dc9beed4e65c, type: 3}
      propertyPath: m_LocalPosition.y
      value: 0
      objectReference: {fileID: 0}
    - target: {fileID: -8679921383154817045, guid: 62ae72aa8dd6ca543bb0dc9beed4e65c, type: 3}
      propertyPath: m_LocalPosition.z
      value: 0
      objectReference: {fileID: 0}
    - target: {fileID: -8679921383154817045, guid: 62ae72aa8dd6ca543bb0dc9beed4e65c, type: 3}
      propertyPath: m_LocalRotation.w
      value: 1
      objectReference: {fileID: 0}
    - target: {fileID: -8679921383154817045, guid: 62ae72aa8dd6ca543bb0dc9beed4e65c, type: 3}
      propertyPath: m_LocalRotation.x
      value: -0
      objectReference: {fileID: 0}
    - target: {fileID: -8679921383154817045, guid: 62ae72aa8dd6ca543bb0dc9beed4e65c, type: 3}
      propertyPath: m_LocalRotation.y
      value: -0
      objectReference: {fileID: 0}
    - target: {fileID: -8679921383154817045, guid: 62ae72aa8dd6ca543bb0dc9beed4e65c, type: 3}
      propertyPath: m_LocalRotation.z
      value: -0
      objectReference: {fileID: 0}
    - target: {fileID: -8679921383154817045, guid: 62ae72aa8dd6ca543bb0dc9beed4e65c, type: 3}
      propertyPath: m_LocalEulerAnglesHint.x
      value: 0
      objectReference: {fileID: 0}
    - target: {fileID: -8679921383154817045, guid: 62ae72aa8dd6ca543bb0dc9beed4e65c, type: 3}
      propertyPath: m_LocalEulerAnglesHint.y
      value: 0
      objectReference: {fileID: 0}
    - target: {fileID: -8679921383154817045, guid: 62ae72aa8dd6ca543bb0dc9beed4e65c, type: 3}
      propertyPath: m_LocalEulerAnglesHint.z
      value: 0
      objectReference: {fileID: 0}
    - target: {fileID: -8188733538001694787, guid: 62ae72aa8dd6ca543bb0dc9beed4e65c, type: 3}
      propertyPath: m_Layer
      value: 3
      objectReference: {fileID: 0}
    - target: {fileID: -7404182096553060011, guid: 62ae72aa8dd6ca543bb0dc9beed4e65c, type: 3}
      propertyPath: m_Layer
      value: 3
      objectReference: {fileID: 0}
    - target: {fileID: -5469040648882109689, guid: 62ae72aa8dd6ca543bb0dc9beed4e65c, type: 3}
      propertyPath: m_Layer
      value: 3
      objectReference: {fileID: 0}
    - target: {fileID: -5242412799780606652, guid: 62ae72aa8dd6ca543bb0dc9beed4e65c, type: 3}
      propertyPath: m_Layer
      value: 3
      objectReference: {fileID: 0}
    - target: {fileID: -3993051842625871104, guid: 62ae72aa8dd6ca543bb0dc9beed4e65c, type: 3}
      propertyPath: m_Layer
      value: 3
      objectReference: {fileID: 0}
    - target: {fileID: -3239927744915849072, guid: 62ae72aa8dd6ca543bb0dc9beed4e65c, type: 3}
      propertyPath: m_Layer
      value: 3
      objectReference: {fileID: 0}
    - target: {fileID: -2855343237952177251, guid: 62ae72aa8dd6ca543bb0dc9beed4e65c, type: 3}
      propertyPath: m_Layer
      value: 3
      objectReference: {fileID: 0}
    - target: {fileID: -2785039117721182985, guid: 62ae72aa8dd6ca543bb0dc9beed4e65c, type: 3}
      propertyPath: m_Layer
      value: 3
      objectReference: {fileID: 0}
    - target: {fileID: -2116237873773308481, guid: 62ae72aa8dd6ca543bb0dc9beed4e65c, type: 3}
      propertyPath: m_Layer
      value: 3
      objectReference: {fileID: 0}
    - target: {fileID: -1076034216232912264, guid: 62ae72aa8dd6ca543bb0dc9beed4e65c, type: 3}
      propertyPath: m_Layer
      value: 3
      objectReference: {fileID: 0}
    - target: {fileID: -171328848848740178, guid: 62ae72aa8dd6ca543bb0dc9beed4e65c, type: 3}
      propertyPath: m_Layer
      value: 3
      objectReference: {fileID: 0}
    - target: {fileID: 221887938307865574, guid: 62ae72aa8dd6ca543bb0dc9beed4e65c, type: 3}
      propertyPath: m_Layer
      value: 3
      objectReference: {fileID: 0}
    - target: {fileID: 446730434100538291, guid: 62ae72aa8dd6ca543bb0dc9beed4e65c, type: 3}
      propertyPath: m_Layer
      value: 3
      objectReference: {fileID: 0}
    - target: {fileID: 919132149155446097, guid: 62ae72aa8dd6ca543bb0dc9beed4e65c, type: 3}
      propertyPath: m_Name
      value: MonsterAcid
      objectReference: {fileID: 0}
    - target: {fileID: 919132149155446097, guid: 62ae72aa8dd6ca543bb0dc9beed4e65c, type: 3}
      propertyPath: m_Layer
      value: 3
      objectReference: {fileID: 0}
    - target: {fileID: 919132149155446097, guid: 62ae72aa8dd6ca543bb0dc9beed4e65c, type: 3}
      propertyPath: m_IsActive
      value: 0
      objectReference: {fileID: 0}
    - target: {fileID: 1850471497706931400, guid: 62ae72aa8dd6ca543bb0dc9beed4e65c, type: 3}
      propertyPath: m_Layer
      value: 3
      objectReference: {fileID: 0}
    - target: {fileID: 2418993057263419058, guid: 62ae72aa8dd6ca543bb0dc9beed4e65c, type: 3}
      propertyPath: m_LocalPosition.y
      value: 0.018
      objectReference: {fileID: 0}
    - target: {fileID: 2418993057263419058, guid: 62ae72aa8dd6ca543bb0dc9beed4e65c, type: 3}
      propertyPath: m_LocalRotation.w
      value: 0.7071068
      objectReference: {fileID: 0}
    - target: {fileID: 2418993057263419058, guid: 62ae72aa8dd6ca543bb0dc9beed4e65c, type: 3}
      propertyPath: m_LocalRotation.x
      value: 0.7071068
      objectReference: {fileID: 0}
    - target: {fileID: 2418993057263419058, guid: 62ae72aa8dd6ca543bb0dc9beed4e65c, type: 3}
      propertyPath: m_LocalEulerAnglesHint.x
      value: 90
      objectReference: {fileID: 0}
    - target: {fileID: 3937935272661301697, guid: 62ae72aa8dd6ca543bb0dc9beed4e65c, type: 3}
      propertyPath: m_Layer
      value: 3
      objectReference: {fileID: 0}
    - target: {fileID: 3943931585675520741, guid: 62ae72aa8dd6ca543bb0dc9beed4e65c, type: 3}
      propertyPath: m_Layer
      value: 3
      objectReference: {fileID: 0}
    - target: {fileID: 5272380115086915115, guid: 62ae72aa8dd6ca543bb0dc9beed4e65c, type: 3}
      propertyPath: m_Layer
      value: 3
      objectReference: {fileID: 0}
    - target: {fileID: 6353700023632765345, guid: 62ae72aa8dd6ca543bb0dc9beed4e65c, type: 3}
      propertyPath: m_Materials.Array.data[0]
      value: 
      objectReference: {fileID: 2100000, guid: 61632d05b1418764599f6acee67745f1, type: 2}
    - target: {fileID: 6353700023632765345, guid: 62ae72aa8dd6ca543bb0dc9beed4e65c, type: 3}
      propertyPath: m_Materials.Array.data[1]
      value: 
      objectReference: {fileID: 2100000, guid: 209b3914c5ed47140951f7387815b898, type: 2}
    - target: {fileID: 6353700023632765345, guid: 62ae72aa8dd6ca543bb0dc9beed4e65c, type: 3}
      propertyPath: m_Materials.Array.data[2]
      value: 
      objectReference: {fileID: 2100000, guid: 2749df689588e884fae730bd8d794ad9, type: 2}
    - target: {fileID: 6353700023632765345, guid: 62ae72aa8dd6ca543bb0dc9beed4e65c, type: 3}
      propertyPath: m_Materials.Array.data[3]
      value: 
      objectReference: {fileID: 2100000, guid: dca4ccabc58bb0442ad3e8e18ba455e4, type: 2}
    - target: {fileID: 6353700023632765345, guid: 62ae72aa8dd6ca543bb0dc9beed4e65c, type: 3}
      propertyPath: m_Materials.Array.data[4]
      value: 
      objectReference: {fileID: 2100000, guid: 9796d6ff3779f434d92cabfc198e4fce, type: 2}
    - target: {fileID: 6353700023632765345, guid: 62ae72aa8dd6ca543bb0dc9beed4e65c, type: 3}
      propertyPath: m_Materials.Array.data[5]
      value: 
      objectReference: {fileID: 2100000, guid: a8411ce3ce390c24885864dca08f9462, type: 2}
    - target: {fileID: 6353700023632765345, guid: 62ae72aa8dd6ca543bb0dc9beed4e65c, type: 3}
      propertyPath: m_Materials.Array.data[6]
      value: 
      objectReference: {fileID: 2100000, guid: 4da9ba6bfbce7a147b5a8086ef12e8e4, type: 2}
    - target: {fileID: 6353700023632765345, guid: 62ae72aa8dd6ca543bb0dc9beed4e65c, type: 3}
      propertyPath: m_Materials.Array.data[7]
      value: 
      objectReference: {fileID: 2100000, guid: a7e7a82252947294f803f7e8ec3f4108, type: 2}
    - target: {fileID: 6687198250481321470, guid: 62ae72aa8dd6ca543bb0dc9beed4e65c, type: 3}
      propertyPath: m_Layer
      value: 3
      objectReference: {fileID: 0}
    - target: {fileID: 8456069625218031717, guid: 62ae72aa8dd6ca543bb0dc9beed4e65c, type: 3}
      propertyPath: m_Layer
      value: 3
      objectReference: {fileID: 0}
    m_RemovedComponents: []
  m_SourcePrefab: {fileID: 100100000, guid: 62ae72aa8dd6ca543bb0dc9beed4e65c, type: 3}
--- !u!1 &6808040889558978592 stripped
GameObject:
  m_CorrespondingSourceObject: {fileID: 919132149155446097, guid: 62ae72aa8dd6ca543bb0dc9beed4e65c, type: 3}
  m_PrefabInstance: {fileID: 5961196696086146417}
  m_PrefabAsset: {fileID: 0}
--- !u!4 &6138641256023001754 stripped
Transform:
  m_CorrespondingSourceObject: {fileID: -8679921383154817045, guid: 62ae72aa8dd6ca543bb0dc9beed4e65c, type: 3}
  m_PrefabInstance: {fileID: 5961196696086146417}
  m_PrefabAsset: {fileID: 0}
--- !u!95 &5677037042638081506
Animator:
  serializedVersion: 3
  m_ObjectHideFlags: 0
  m_CorrespondingSourceObject: {fileID: 0}
  m_PrefabInstance: {fileID: 0}
  m_PrefabAsset: {fileID: 0}
  m_GameObject: {fileID: 6808040889558978592}
  m_Enabled: 1
  m_Avatar: {fileID: 0}
  m_Controller: {fileID: 9100000, guid: 0b251c8c4ca97c14ca29e610ed7a48ed, type: 2}
  m_CullingMode: 0
  m_UpdateMode: 0
  m_ApplyRootMotion: 0
  m_LinearVelocityBlending: 0
  m_WarningMessage: 
  m_HasTransformHierarchy: 1
  m_AllowConstantClipSamplingOptimization: 1
  m_KeepAnimatorControllerStateOnDisable: 0
--- !u!1001 &6681800025104335465
PrefabInstance:
  m_ObjectHideFlags: 0
  serializedVersion: 2
  m_Modification:
    m_TransformParent: {fileID: 5091655042486978237}
    m_Modifications:
    - target: {fileID: 100018, guid: a40b64bf23366dc42a892af2c6ff6140, type: 3}
      propertyPath: m_Name
      value: CFX_MagicPoof
      objectReference: {fileID: 0}
    - target: {fileID: 100018, guid: a40b64bf23366dc42a892af2c6ff6140, type: 3}
      propertyPath: m_IsActive
      value: 1
      objectReference: {fileID: 0}
    - target: {fileID: 400018, guid: a40b64bf23366dc42a892af2c6ff6140, type: 3}
      propertyPath: m_RootOrder
      value: 3
      objectReference: {fileID: 0}
    - target: {fileID: 400018, guid: a40b64bf23366dc42a892af2c6ff6140, type: 3}
      propertyPath: m_LocalScale.x
      value: 5
      objectReference: {fileID: 0}
    - target: {fileID: 400018, guid: a40b64bf23366dc42a892af2c6ff6140, type: 3}
      propertyPath: m_LocalScale.y
      value: 5
      objectReference: {fileID: 0}
    - target: {fileID: 400018, guid: a40b64bf23366dc42a892af2c6ff6140, type: 3}
      propertyPath: m_LocalScale.z
      value: 5
      objectReference: {fileID: 0}
    - target: {fileID: 400018, guid: a40b64bf23366dc42a892af2c6ff6140, type: 3}
      propertyPath: m_LocalPosition.x
      value: 0
      objectReference: {fileID: 0}
    - target: {fileID: 400018, guid: a40b64bf23366dc42a892af2c6ff6140, type: 3}
      propertyPath: m_LocalPosition.y
      value: 11.25
      objectReference: {fileID: 0}
    - target: {fileID: 400018, guid: a40b64bf23366dc42a892af2c6ff6140, type: 3}
      propertyPath: m_LocalPosition.z
      value: 2.3999977
      objectReference: {fileID: 0}
    - target: {fileID: 400018, guid: a40b64bf23366dc42a892af2c6ff6140, type: 3}
      propertyPath: m_LocalRotation.w
      value: 0.7071068
      objectReference: {fileID: 0}
    - target: {fileID: 400018, guid: a40b64bf23366dc42a892af2c6ff6140, type: 3}
      propertyPath: m_LocalRotation.x
      value: 0.7071068
      objectReference: {fileID: 0}
    - target: {fileID: 400018, guid: a40b64bf23366dc42a892af2c6ff6140, type: 3}
      propertyPath: m_LocalRotation.y
      value: -0
      objectReference: {fileID: 0}
    - target: {fileID: 400018, guid: a40b64bf23366dc42a892af2c6ff6140, type: 3}
      propertyPath: m_LocalRotation.z
      value: -0
      objectReference: {fileID: 0}
    - target: {fileID: 400018, guid: a40b64bf23366dc42a892af2c6ff6140, type: 3}
      propertyPath: m_LocalEulerAnglesHint.x
      value: 0
      objectReference: {fileID: 0}
    - target: {fileID: 400018, guid: a40b64bf23366dc42a892af2c6ff6140, type: 3}
      propertyPath: m_LocalEulerAnglesHint.y
      value: 0
      objectReference: {fileID: 0}
    - target: {fileID: 400018, guid: a40b64bf23366dc42a892af2c6ff6140, type: 3}
      propertyPath: m_LocalEulerAnglesHint.z
      value: 0
      objectReference: {fileID: 0}
    - target: {fileID: 11400018, guid: a40b64bf23366dc42a892af2c6ff6140, type: 3}
      propertyPath: OnlyDeactivate
      value: 1
      objectReference: {fileID: 0}
    - target: {fileID: 19800000, guid: a40b64bf23366dc42a892af2c6ff6140, type: 3}
      propertyPath: playOnAwake
      value: 0
      objectReference: {fileID: 0}
    - target: {fileID: 19800002, guid: a40b64bf23366dc42a892af2c6ff6140, type: 3}
      propertyPath: playOnAwake
      value: 0
      objectReference: {fileID: 0}
    - target: {fileID: 19800004, guid: a40b64bf23366dc42a892af2c6ff6140, type: 3}
      propertyPath: playOnAwake
      value: 0
      objectReference: {fileID: 0}
    - target: {fileID: 19800006, guid: a40b64bf23366dc42a892af2c6ff6140, type: 3}
      propertyPath: playOnAwake
      value: 0
      objectReference: {fileID: 0}
    - target: {fileID: 19800008, guid: a40b64bf23366dc42a892af2c6ff6140, type: 3}
      propertyPath: playOnAwake
      value: 0
      objectReference: {fileID: 0}
    - target: {fileID: 19800010, guid: a40b64bf23366dc42a892af2c6ff6140, type: 3}
      propertyPath: playOnAwake
      value: 0
      objectReference: {fileID: 0}
    - target: {fileID: 19800012, guid: a40b64bf23366dc42a892af2c6ff6140, type: 3}
      propertyPath: playOnAwake
      value: 0
      objectReference: {fileID: 0}
    - target: {fileID: 19800014, guid: a40b64bf23366dc42a892af2c6ff6140, type: 3}
      propertyPath: playOnAwake
      value: 0
      objectReference: {fileID: 0}
    - target: {fileID: 19800016, guid: a40b64bf23366dc42a892af2c6ff6140, type: 3}
      propertyPath: playOnAwake
      value: 0
      objectReference: {fileID: 0}
    - target: {fileID: 19800018, guid: a40b64bf23366dc42a892af2c6ff6140, type: 3}
      propertyPath: playOnAwake
      value: 0
      objectReference: {fileID: 0}
    - target: {fileID: 19800020, guid: a40b64bf23366dc42a892af2c6ff6140, type: 3}
      propertyPath: playOnAwake
      value: 0
      objectReference: {fileID: 0}
    - target: {fileID: 19900000, guid: a40b64bf23366dc42a892af2c6ff6140, type: 3}
      propertyPath: m_Materials.Array.size
      value: 1
      objectReference: {fileID: 0}
    - target: {fileID: 19900002, guid: a40b64bf23366dc42a892af2c6ff6140, type: 3}
      propertyPath: m_Materials.Array.size
      value: 1
      objectReference: {fileID: 0}
    - target: {fileID: 19900004, guid: a40b64bf23366dc42a892af2c6ff6140, type: 3}
      propertyPath: m_Materials.Array.size
      value: 1
      objectReference: {fileID: 0}
    - target: {fileID: 19900006, guid: a40b64bf23366dc42a892af2c6ff6140, type: 3}
      propertyPath: m_Materials.Array.size
      value: 1
      objectReference: {fileID: 0}
    - target: {fileID: 19900008, guid: a40b64bf23366dc42a892af2c6ff6140, type: 3}
      propertyPath: m_Materials.Array.size
      value: 1
      objectReference: {fileID: 0}
    - target: {fileID: 19900010, guid: a40b64bf23366dc42a892af2c6ff6140, type: 3}
      propertyPath: m_Materials.Array.size
      value: 1
      objectReference: {fileID: 0}
    - target: {fileID: 19900012, guid: a40b64bf23366dc42a892af2c6ff6140, type: 3}
      propertyPath: m_Materials.Array.size
      value: 1
      objectReference: {fileID: 0}
    - target: {fileID: 19900014, guid: a40b64bf23366dc42a892af2c6ff6140, type: 3}
      propertyPath: m_Materials.Array.size
      value: 1
      objectReference: {fileID: 0}
    - target: {fileID: 19900016, guid: a40b64bf23366dc42a892af2c6ff6140, type: 3}
      propertyPath: m_Materials.Array.size
      value: 1
      objectReference: {fileID: 0}
    - target: {fileID: 19900018, guid: a40b64bf23366dc42a892af2c6ff6140, type: 3}
      propertyPath: m_Materials.Array.size
      value: 1
      objectReference: {fileID: 0}
    - target: {fileID: 19900020, guid: a40b64bf23366dc42a892af2c6ff6140, type: 3}
      propertyPath: m_Materials.Array.size
      value: 1
      objectReference: {fileID: 0}
    m_RemovedComponents: []
  m_SourcePrefab: {fileID: 100100000, guid: a40b64bf23366dc42a892af2c6ff6140, type: 3}
--- !u!198 &6681800025122823611 stripped
ParticleSystem:
  m_CorrespondingSourceObject: {fileID: 19800018, guid: a40b64bf23366dc42a892af2c6ff6140, type: 3}
  m_PrefabInstance: {fileID: 6681800025104335465}
  m_PrefabAsset: {fileID: 0}
--- !u!4 &6681800025104472315 stripped
Transform:
  m_CorrespondingSourceObject: {fileID: 400018, guid: a40b64bf23366dc42a892af2c6ff6140, type: 3}
  m_PrefabInstance: {fileID: 6681800025104335465}
  m_PrefabAsset: {fileID: 0}
--- !u!1001 &6870036269420765310
PrefabInstance:
  m_ObjectHideFlags: 0
  serializedVersion: 2
  m_Modification:
    m_TransformParent: {fileID: 8257104310654753051}
    m_Modifications:
    - target: {fileID: -8679921383154817045, guid: c80a9ec1992d9b24e8156cff70587b9d, type: 3}
      propertyPath: m_RootOrder
      value: 0
      objectReference: {fileID: 0}
    - target: {fileID: -8679921383154817045, guid: c80a9ec1992d9b24e8156cff70587b9d, type: 3}
      propertyPath: m_LocalPosition.x
      value: 0
      objectReference: {fileID: 0}
    - target: {fileID: -8679921383154817045, guid: c80a9ec1992d9b24e8156cff70587b9d, type: 3}
      propertyPath: m_LocalPosition.y
      value: 0
      objectReference: {fileID: 0}
    - target: {fileID: -8679921383154817045, guid: c80a9ec1992d9b24e8156cff70587b9d, type: 3}
      propertyPath: m_LocalPosition.z
      value: 0
      objectReference: {fileID: 0}
    - target: {fileID: -8679921383154817045, guid: c80a9ec1992d9b24e8156cff70587b9d, type: 3}
      propertyPath: m_LocalRotation.w
      value: 1
      objectReference: {fileID: 0}
    - target: {fileID: -8679921383154817045, guid: c80a9ec1992d9b24e8156cff70587b9d, type: 3}
      propertyPath: m_LocalRotation.x
      value: 0
      objectReference: {fileID: 0}
    - target: {fileID: -8679921383154817045, guid: c80a9ec1992d9b24e8156cff70587b9d, type: 3}
      propertyPath: m_LocalRotation.y
      value: 0
      objectReference: {fileID: 0}
    - target: {fileID: -8679921383154817045, guid: c80a9ec1992d9b24e8156cff70587b9d, type: 3}
      propertyPath: m_LocalRotation.z
      value: 0
      objectReference: {fileID: 0}
    - target: {fileID: -8679921383154817045, guid: c80a9ec1992d9b24e8156cff70587b9d, type: 3}
      propertyPath: m_LocalEulerAnglesHint.x
      value: 0
      objectReference: {fileID: 0}
    - target: {fileID: -8679921383154817045, guid: c80a9ec1992d9b24e8156cff70587b9d, type: 3}
      propertyPath: m_LocalEulerAnglesHint.y
      value: 0
      objectReference: {fileID: 0}
    - target: {fileID: -8679921383154817045, guid: c80a9ec1992d9b24e8156cff70587b9d, type: 3}
      propertyPath: m_LocalEulerAnglesHint.z
      value: 0
      objectReference: {fileID: 0}
    - target: {fileID: 919132149155446097, guid: c80a9ec1992d9b24e8156cff70587b9d, type: 3}
      propertyPath: m_Name
      value: AcidMonsterRosa2
      objectReference: {fileID: 0}
    - target: {fileID: 2418993057263419058, guid: c80a9ec1992d9b24e8156cff70587b9d, type: 3}
      propertyPath: m_LocalPosition.y
      value: 0.018
      objectReference: {fileID: 0}
    - target: {fileID: 2418993057263419058, guid: c80a9ec1992d9b24e8156cff70587b9d, type: 3}
      propertyPath: m_LocalRotation.w
      value: 0.7071068
      objectReference: {fileID: 0}
    - target: {fileID: 2418993057263419058, guid: c80a9ec1992d9b24e8156cff70587b9d, type: 3}
      propertyPath: m_LocalRotation.x
      value: 0.7071068
      objectReference: {fileID: 0}
    - target: {fileID: 2418993057263419058, guid: c80a9ec1992d9b24e8156cff70587b9d, type: 3}
      propertyPath: m_LocalRotation.z
      value: 0
      objectReference: {fileID: 0}
    - target: {fileID: 2418993057263419058, guid: c80a9ec1992d9b24e8156cff70587b9d, type: 3}
      propertyPath: m_LocalEulerAnglesHint.x
      value: 90
      objectReference: {fileID: 0}
    - target: {fileID: 6353700023632765345, guid: c80a9ec1992d9b24e8156cff70587b9d, type: 3}
      propertyPath: m_Materials.Array.data[0]
      value: 
      objectReference: {fileID: 2100000, guid: 984094e21a95cae48b93f8ecefb2c6bc, type: 2}
    m_RemovedComponents: []
  m_SourcePrefab: {fileID: 100100000, guid: c80a9ec1992d9b24e8156cff70587b9d, type: 3}
--- !u!137 &539206088383939039 stripped
SkinnedMeshRenderer:
  m_CorrespondingSourceObject: {fileID: 6353700023632765345, guid: c80a9ec1992d9b24e8156cff70587b9d, type: 3}
  m_PrefabInstance: {fileID: 6870036269420765310}
  m_PrefabAsset: {fileID: 0}
--- !u!4 &6403552335571879829 stripped
Transform:
  m_CorrespondingSourceObject: {fileID: -8679921383154817045, guid: c80a9ec1992d9b24e8156cff70587b9d, type: 3}
  m_PrefabInstance: {fileID: 6870036269420765310}
  m_PrefabAsset: {fileID: 0}
--- !u!1 &6023050236934675759 stripped
GameObject:
  m_CorrespondingSourceObject: {fileID: 919132149155446097, guid: c80a9ec1992d9b24e8156cff70587b9d, type: 3}
  m_PrefabInstance: {fileID: 6870036269420765310}
  m_PrefabAsset: {fileID: 0}
--- !u!95 &5522372330360361217
Animator:
  serializedVersion: 3
  m_ObjectHideFlags: 0
  m_CorrespondingSourceObject: {fileID: 0}
  m_PrefabInstance: {fileID: 0}
  m_PrefabAsset: {fileID: 0}
  m_GameObject: {fileID: 6023050236934675759}
  m_Enabled: 1
  m_Avatar: {fileID: 0}
  m_Controller: {fileID: 9100000, guid: 76d7f5be97cdcbc4e85f428adca85760, type: 2}
  m_CullingMode: 0
  m_UpdateMode: 0
  m_ApplyRootMotion: 0
  m_LinearVelocityBlending: 0
  m_WarningMessage: 
  m_HasTransformHierarchy: 1
  m_AllowConstantClipSamplingOptimization: 1
  m_KeepAnimatorControllerStateOnDisable: 0
--- !u!114 &2895034171616913013
MonoBehaviour:
  m_ObjectHideFlags: 0
  m_CorrespondingSourceObject: {fileID: 0}
  m_PrefabInstance: {fileID: 0}
  m_PrefabAsset: {fileID: 0}
  m_GameObject: {fileID: 6023050236934675759}
  m_Enabled: 1
  m_EditorHideFlags: 0
  m_Script: {fileID: 11500000, guid: 726233ec4abe9ab48995d3f87544b7a1, type: 3}
  m_Name: 
  m_EditorClassIdentifier: 
  canAttack: 1
  haveAttack: 0
  hero: {fileID: 0}
  activePrimaryAttack: 0
--- !u!1001 &7698590403116184579
PrefabInstance:
  m_ObjectHideFlags: 0
  serializedVersion: 2
  m_Modification:
    m_TransformParent: {fileID: 8613221419135213121}
    m_Modifications:
    - target: {fileID: -8679921383154817045, guid: c80a9ec1992d9b24e8156cff70587b9d, type: 3}
      propertyPath: m_RootOrder
      value: 0
      objectReference: {fileID: 0}
    - target: {fileID: -8679921383154817045, guid: c80a9ec1992d9b24e8156cff70587b9d, type: 3}
      propertyPath: m_LocalPosition.x
      value: -0
      objectReference: {fileID: 0}
    - target: {fileID: -8679921383154817045, guid: c80a9ec1992d9b24e8156cff70587b9d, type: 3}
      propertyPath: m_LocalPosition.y
      value: 0
      objectReference: {fileID: 0}
    - target: {fileID: -8679921383154817045, guid: c80a9ec1992d9b24e8156cff70587b9d, type: 3}
      propertyPath: m_LocalPosition.z
      value: 0
      objectReference: {fileID: 0}
    - target: {fileID: -8679921383154817045, guid: c80a9ec1992d9b24e8156cff70587b9d, type: 3}
      propertyPath: m_LocalRotation.w
      value: 1
      objectReference: {fileID: 0}
    - target: {fileID: -8679921383154817045, guid: c80a9ec1992d9b24e8156cff70587b9d, type: 3}
      propertyPath: m_LocalRotation.x
      value: 0
      objectReference: {fileID: 0}
    - target: {fileID: -8679921383154817045, guid: c80a9ec1992d9b24e8156cff70587b9d, type: 3}
      propertyPath: m_LocalRotation.y
      value: 0
      objectReference: {fileID: 0}
    - target: {fileID: -8679921383154817045, guid: c80a9ec1992d9b24e8156cff70587b9d, type: 3}
      propertyPath: m_LocalRotation.z
      value: 0
      objectReference: {fileID: 0}
    - target: {fileID: -8679921383154817045, guid: c80a9ec1992d9b24e8156cff70587b9d, type: 3}
      propertyPath: m_LocalEulerAnglesHint.x
      value: 0
      objectReference: {fileID: 0}
    - target: {fileID: -8679921383154817045, guid: c80a9ec1992d9b24e8156cff70587b9d, type: 3}
      propertyPath: m_LocalEulerAnglesHint.y
      value: 0
      objectReference: {fileID: 0}
    - target: {fileID: -8679921383154817045, guid: c80a9ec1992d9b24e8156cff70587b9d, type: 3}
      propertyPath: m_LocalEulerAnglesHint.z
      value: 0
      objectReference: {fileID: 0}
    - target: {fileID: 919132149155446097, guid: c80a9ec1992d9b24e8156cff70587b9d, type: 3}
      propertyPath: m_Name
      value: AcidMonsterRosa2
      objectReference: {fileID: 0}
    - target: {fileID: 919132149155446097, guid: c80a9ec1992d9b24e8156cff70587b9d, type: 3}
      propertyPath: m_IsActive
      value: 1
      objectReference: {fileID: 0}
    - target: {fileID: 2418993057263419058, guid: c80a9ec1992d9b24e8156cff70587b9d, type: 3}
      propertyPath: m_LocalPosition.y
      value: 0.018
      objectReference: {fileID: 0}
    - target: {fileID: 6353700023632765345, guid: c80a9ec1992d9b24e8156cff70587b9d, type: 3}
      propertyPath: m_Materials.Array.data[0]
      value: 
      objectReference: {fileID: 2100000, guid: 021c69e4483c60640aa10a1d3d71fc2c, type: 2}
    m_RemovedComponents: []
  m_SourcePrefab: {fileID: 100100000, guid: c80a9ec1992d9b24e8156cff70587b9d, type: 3}
--- !u!1 &7356501344908577106 stripped
GameObject:
  m_CorrespondingSourceObject: {fileID: 919132149155446097, guid: c80a9ec1992d9b24e8156cff70587b9d, type: 3}
  m_PrefabInstance: {fileID: 7698590403116184579}
  m_PrefabAsset: {fileID: 0}
--- !u!4 &7880272763578340328 stripped
Transform:
  m_CorrespondingSourceObject: {fileID: -8679921383154817045, guid: c80a9ec1992d9b24e8156cff70587b9d, type: 3}
  m_PrefabInstance: {fileID: 7698590403116184579}
  m_PrefabAsset: {fileID: 0}
--- !u!95 &2273540716664534471
Animator:
  serializedVersion: 3
  m_ObjectHideFlags: 0
  m_CorrespondingSourceObject: {fileID: 0}
  m_PrefabInstance: {fileID: 0}
  m_PrefabAsset: {fileID: 0}
  m_GameObject: {fileID: 7356501344908577106}
  m_Enabled: 1
  m_Avatar: {fileID: 0}
  m_Controller: {fileID: 9100000, guid: 0b251c8c4ca97c14ca29e610ed7a48ed, type: 2}
  m_CullingMode: 0
  m_UpdateMode: 0
  m_ApplyRootMotion: 0
  m_LinearVelocityBlending: 0
  m_WarningMessage: 
  m_HasTransformHierarchy: 1
  m_AllowConstantClipSamplingOptimization: 1
  m_KeepAnimatorControllerStateOnDisable: 0
